 Dungeon Crawl Stone Soup version 0.22-a0-254-gaf95ca0 (webtiles) character file.

863 RoseArtemis the Cutter (level 7, -2/62 HPs)
             Began as a Minotaur Fighter on Mar 5, 2018.
             Slain by Pikel
             ... wielding a +0 whip of electrocution
              (20 damage)
             ... on level 5 of the Dungeon.
             The game lasted 00:07:31 (4579 turns).

RoseArtemis the Cutter (Minotaur Fighter)           Turns: 4579, Time: 00:07:32

Health: -2/62      AC: 11    Str: 27    XL:     7   Next: 72%
Magic:  6/6        EV:  6    Int:  5    God:
Gold:   164        SH: 11    Dex: 10    Spells: 6/6 levels left

rFire    . . .     SeeInvis .   a - +0 rapier
rCold    + . .     Gourm    .   c - +0 shield
rNeg     + . .     Faith    .   s - +1 chain mail of Death's Door {rC+ Str+5 Slay-4}
rPois    .         Spirit   .   (helmet restricted)
rElec    .         Reflect  .   (no cloak)
rCorr    .         Harm     .   (no gloves)
MR       .....                  (no boots)
Stlth    ..........             (no amulet)
HPRegen  0.20/turn              n - ring of positive energy
MPRegen  0.10/turn              (no ring)

@: no status effects
A: retaliatory headbutt, horns 2
a: no special abilities


You were on level 5 of the Dungeon.
You were hungry.

You visited 1 branch of the dungeon, and saw 5 of its levels.

You collected 164 gold pieces.

Inventory:

Hand Weapons
 a - a +0 rapier (weapon)
Armour
 b - a +0 scale mail
 c - a +0 shield (worn)
 s - the +1 chain mail of Death's Door (worn) {rC+ Str+5 Slay-4}
   (You found it on level 4 of the Dungeon)

   It affects your strength (+5).
   It affects your accuracy and damage with ranged weapons and melee attacks
   (-4).
   It protects you from cold.
Jewellery
 n - a ring of positive energy (left hand)
 u - the ring of the Establishment {Ice Str+6 Dex+3 Stlth+, unknown}
   (You found it on level 5 of the Dungeon)

   [ring of ice]

   It enhances your ice magic.
   It affects your strength (+6).
   It affects your dexterity (+3).
   It makes you vulnerable to fire.
   It protects you from cold.
   It makes you more stealthy.
Wands
 d - a wand of random effects (27)
 o - a wand of iceblast (13)
 q - a wand of paralysis (17)
Scrolls
 e - a scroll of magic mapping {unknown}
 g - 2 scrolls of fog {unknown}
 i - 3 scrolls of teleportation {unknown}
 k - 2 scrolls of remove curse {unknown}
 m - 2 scrolls of enchant armour {unknown}
 r - a scroll of amnesia {unknown}
 v - a scroll of noise {unknown}
 w - a scroll of random uselessness {unknown}
Potions
 j - 2 potions of curing
 l - a potion of cancellation
 p - a potion of lignification
 t - 2 potions of berserk rage {unknown}
 x - a potion of ambrosia {unknown}
Comestibles
 f - 7 rations
 h - 6 chunks of flesh


   Skills:
 + Level 5.9 Fighting
 * Level 6.4 Short Blades
 + Level 5.9 Armour
 + Level 5.9 Shields


You had 6 spell levels left.
You didn't know any spells.

Dungeon Overview and Level Annotations

Branches:
Dungeon (5/15)
 Temple: D:4-7

Altars:
Fedhas
Sif Muna
Zin

Annotations:
D:3 1 runed door, Jessica
D:5 Pikel


Innate Abilities, Weirdness & Mutations

You reflexively headbutt those who attack you in melee.
You have a pair of horns on your head.


Message History

You block Pikel's attack.
You hit Pikel.
Pikel is moderately wounded.
Pikel hits you but does no damage.
You feel better. Pikel hits you but does no damage.
You hit Pikel.
Pikel is heavily wounded.
Pikel says, "I just want to get paid!"
You block Pikel's attack.
You barely miss Pikel. Your headbutt misses Pikel.
Pikel is moderately wounded.
Pikel hits you but does no damage.
You hit Pikel but do no damage. Your headbutt misses Pikel.
Pikel is moderately wounded.
Pikel hits you but does no damage.
You are electrocuted!
* * * LOW HITPOINT WARNING * * *
You hit Pikel but do no damage. Your headbutt misses Pikel.
Pikel is moderately wounded.
Pikel hits you but does no damage.
You are electrocuted!
You die...

...... ....... ....#..
...#... ..#!..#
###################p..#...
................@KZoJ..#..
..........########pop.....
......###.# #.s.#...#
......# #.# #†...# ..
......###.# #....(#
.......##.# #...p#...
.......##.# #...#...#
..........# #...##........
####...#### #...##.....#K.


You could see Pikel, 3 slaves, a jelly, 2 orcs, a giant cockroach and a leopard
gecko skeleton.

Vanquished Creatures
  Edmund (D:5)
  The ghost of braks the Firebug, an amateur GnFE (D:4)
  A bullfrog zombie (D:5)
  A hound (D:4)
  An orc priest (D:4)
  5 orc wizards
  An iguana (D:4)
  4 worker ants
  Robin (D:2)
  5 adders
  An ooze (D:3)
  2 worms
  2 leopard geckos
  13 orcs
  3 giant cockroaches
  17 goblins
  6 hobgoblins
  4 jackals
  12 kobolds
  2 quokkas
  2 ball pythons
  6 bats
  7 frilled lizards
  A leopard gecko skeleton (D:5)
  A quokka skeleton (D:4)
  5 rats
105 creatures vanquished.

Vanquished Creatures (others)
  Sigmund (D:3)
1 creature vanquished.

Grand Total: 106 creatures vanquished

Notes
Turn   | Place    | Note
-------+----------+-------------------------------------------
     0 | D:1      | RoseArtemis the Minotaur Fighter began the quest for the Orb.
     0 | D:1      | Reached XP level 1. HP: 19/19 MP: 0/0
   108 | D:1      | Reached XP level 2. HP: 27/27 MP: 1/1
   329 | D:1      | You fall through a shaft!
   800 | D:1      | Reached skill level 3 in Short Blades
  1007 | D:2      | Reached XP level 3. HP: 33/33 MP: 2/2
  1400 | D:2      | Noticed Robin
  1414 | D:2      | Killed Robin
  1414 | D:2      | Reached XP level 4. HP: 24/40 MP: 3/3
  1712 | D:3      | Noticed Sigmund
  1712 | D:3      | Noticed Jessica
  2035 | D:3      | Found a blossoming altar of Fedhas.
  2095 | D:3      | Found a runed door.
  2193 | D:3      | Killed Sigmund
  2193 | D:3      | Reached skill level 4 in Short Blades
  2193 | D:3      | Reached XP level 5. HP: 37/47 MP: 4/4
  2664 | D:4      | Reached XP level 6. HP: 53/55 MP: 5/5
  2669 | D:4      | Reached skill level 5 in Fighting
  2669 | D:4      | Reached skill level 5 in Armour
  2673 | D:4      | Reached skill level 5 in Short Blades
  2673 | D:4      | Reached skill level 5 in Shields
  2725 | D:4      | Got a spiked chain mail
  2815 | D:4      | Identified the +1 chain mail of Death's Door {rC+ Str+5 Slay-4} (You found it on level 4 of the Dungeon)
  2883 | D:4      | HP: 1/56 [orc wizard/puff of flame (7)]
  3631 | D:4      | Reached XP level 7. HP: 55/61 MP: 6/6
  3663 | D:4      | Found a glowing silver altar of Zin.
  3723 | D:4      | Found a deep blue altar of Sif Muna.
  3881 | D:4      | Noticed braks's ghost (amateur GnFE)
  3898 | D:4      | Killed braks's ghost
  4053 | D:5      | Entered Level 5 of the Dungeon
  4053 | D:5      | Noticed Edmund
  4066 | D:5      | Killed Edmund
  4066 | D:5      | Reached skill level 6 in Short Blades
  4388 | D:5      | Got a warped granite ring
  4551 | D:5      | Noticed Pikel
  4579 | D:5      | Slain by Pikel

Vault maps used:
D:1:      minmay_arrival_five_plusses
D:2:      first_ration, uniq_robin
D:3:      minmay_misc_feat_room, st_stairs_1, fedhas_altar_3, uniq_sigmund,
          uniq_jessica, uniq_crazy_yiuf_cottage
D:4:      cheibrodos_quashed, marbit_many_paths, led_sif_pool
D:5:      cheibrodos_fzero, uniq_grinder, uniq_pikel, uniq_edmund

Skill      XL: |  1  2  3  4  5  6  7 |
---------------+----------------------+-----
Short Blades   | 3 4 5 6 |  6.4
Armour         | 4 5 |  5.9
Fighting       | 4 5 |  5.9
Shields        | 4 5 |  5.9

Action                   |  1- 3 |  4- 6 |  7- 9 || total
-------------------------+-------+-------+-------++-------
Melee: Rapier            |   102 |   179 |    94 ||   375
       Headbutt          |    10 |    30 |    16 ||    56
  Use: Scroll            |     3 |     3 |       ||     6
       Potion            |       |     1 |     2 ||     3
  Eat: Chunk             |     2 |     3 |     3 ||     8
       Ration            |       |     1 |       ||     1
Armor: Scale mail        |    50 |    48 |       ||    98
       Chain mail        |       |    45 |    28 ||    73
Dodge: Dodged            |    32 |    45 |     9 ||    86
Block: Shield            |    58 |   114 |    33 ||   205

Table legend:
 A = Spawn XP
 B = Non-spawn XP
 C = Spawn XP percentage of total XP
 D = Spawn monster count
 E = Non-spawn monster count
 F = Spawn count percentage of total count
 G = Total turns spent on level
                    A         B        C        D         E        F      G
               +---------+---------+-------+---------+---------+-------+---------
         Total |       0 |    1233 |   0.0 |       0 |     106 |   0.0 |  4579
               +---------+---------+-------+---------+---------+-------+---------
           D:1 |       0 |      33 |   0.0 |       0 |      22 |   0.0 |   648
           D:2 |       0 |      86 |   0.0 |       0 |      26 |   0.0 |  1323
           D:3 |       0 |     249 |   0.0 |       0 |      20 |   0.0 |   688
           D:4 |       0 |     509 |   0.0 |       0 |      23 |   0.0 |  1394
           D:5 |       0 |     356 |   0.0 |       0 |      15 |   0.0 |   526
               +---------+---------+-------+---------+---------+-------+---------
